 Dungeon Crawl Stone Soup version 0.21.1-1-g345015f (webtiles) character file.

78 letownia2 the Charmwright (level 4, -7/33 HPs)
             Began as a Merfolk Skald on Mar 16, 2018.
             Mangled by Mirai's ghost (11 damage)
             ... on level 3 of the Dungeon.
             The game lasted 00:02:43 (412 turns).

letownia2 the Charmwright (Merfolk Skald)            Turns: 412, Time: 00:02:44

Health: -7/33      AC:  3    Str: 11    XL:     4   Next: 36%
Magic:  1/7        EV: 12    Int: 13    God:
Gold:   0          SH:  0    Dex: 13    Spells: 1/7 levels left

rFire    . . .     SeeInvis .   a - +0 spear
rCold    . . .     Gourm    .   (no shield)
rNeg     . . .     Faith    .   o - +0 leather armour
rPois    .         Spirit   .   (no helmet)
rElec    .         Reflect  .   (no cloak)
rCorr    .         Harm     .   (no gloves)
MR       .....                  (no boots)
Stlth    +.........             (no amulet)
HPRegen  0.11/turn              (no ring)
MPRegen  0.10/turn              (no ring)

@: no status effects
A: change form in water, swift swim, stealthy swim
a: no special abilities


You were on level 3 of the Dungeon.
You were not hungry.

You visited 1 branch of the dungeon, and saw 3 of its levels.

Inventory:

Hand Weapons
 a - a +0 spear (weapon)
 b - a +2 dagger of protection
Missiles
 l - 35 sling bullets
 q - 3 tomahawks (quivered)
Armour
 e - a +0 cloak
 f - a +0 ring mail
 o - a +0 leather armour (worn)
 p - a +0 ring mail
Scrolls
 g - a scroll of random uselessness {unknown}
 h - 5 scrolls of identify {unknown}
 i - a scroll of amnesia {unknown}
 k - a scroll of enchant weapon {unknown}
 m - a scroll of remove curse {unknown}
Potions
 j - 2 potions of heal wounds {unknown}
 n - 2 potions of brilliance {unknown}
Books
 c - a book of Battle

   Spells                             Type                      Level
   a - Infusion                       Charms                       1
   b - Shroud of Golubria             Charms/Translocation         2
   c - Song of Slaying                Charms                       2
   d - Spectral Weapon                Hexes/Charms                 3
   e - Regeneration                   Charms/Necromancy            3
Comestibles
 d - 6 rations


   Skills:
 - Level 2.1 Fighting
 + Level 3.0 Polearms
 - Level 0.6 Armour
 - Level 2.6 Dodging
 - Level 2.0 Spellcasting
 - Level 1.1 Hexes
 + Level 4.1 Charms
 - Level 2.1 Translocations


You had one spell level left.
You knew the following spells:

 Your Spells              Type           Power        Failure   Level  Hunger
a - Infusion              Chrm           ##..         6%          1    ##.....
b - Spectral Weapon       Hex/Chrm       #.......     32%         3    ####...
t - Shroud of Golubria    Chrm/Tloc      #.........   14%         2    ###....


Dungeon Overview and Level Annotations

Branches:
Dungeon (3/15)

Altars:

Annotations:
D:3 Mirai's ghost, weakling DsFi


Message History

Items here: ( ))) [[ ††
o - a dagger of protection;
p - a ring mail
q - 3 tomahawks Wield which item (- for none, * to show all)? (? for menu, Esc to quit)
Your +2 dagger of protection hums with potential!
o - a +2 dagger of protection (weapon)
Adjust (i)tems, (s)pells, or (a)bilities?
Adjust which item? (? for menu, Esc to quit)
o - a +2 dagger of protection (weapon)
Adjust to which letter? (? for menu, Esc to quit)
b - a +2 dagger of protection (weapon);
o - a +0 leather armour (worn)
Your +2 dagger of protection goes still.
a - a +0 spear (weapon)
You are no longer magically infusing your attacks.
Mirai's ghost (weakling Demonspawn Fighter) comes into view.
Mirai's ghost boasts, "I have defeated monsters you have never seen."
Mirai's ghost hits you!
* * * LOW HITPOINT WARNING * * *
Mirai's ghost hits you!
You die...

## .. # # #. #..
########### #...
#)....)<†.#
##....##@#######.#
........W.#### #.#
########.....#
#.########
..........#.#
#..)......
.#........# #
##########
##.#..#..# .. ...
..# .. .... ..# .
..... ...


You could see Mirai's ghost.

Vanquished Creatures
  A crimson imp (D:3)
  3 adders
  A leopard gecko (D:3)
  3 orcs (D:3)
  A giant cockroach (D:1)
  A hobgoblin (D:3)
  3 kobolds
  2 bats (D:2)
  2 frilled lizards
  2 rats
19 creatures vanquished.

Notes
Turn   | Place    | Note
-------+----------+-------------------------------------------
     0 | D:1      | letownia2 the Merfolk Skald began the quest for the Orb.
     0 | D:1      | Reached XP level 1. HP: 16/16 MP: 3/3
   172 | D:2      | Reached skill level 4 in Charms
   172 | D:2      | Reached XP level 2. HP: 16/22 MP: 0/5
   178 | D:2      | Learned a level 2 spell: Shroud of Golubria
   276 | D:3      | Noticed a crimson imp
   288 | D:3      | Reached skill level 1 in Translocations
   288 | D:3      | Reached XP level 3. HP: 18/27 MP: 0/6
   293 | D:3      | Learned a level 3 spell: Spectral Weapon
   301 | D:3      | Reached XP level 4. HP: 15/33 MP: 0/7
   390 | D:3      | Reached skill level 1 in Hexes
   410 | D:3      | Noticed Mirai's ghost (weakling DsFi)
   412 | D:3      | Mangled by Mirai's ghost

Skill      XL: |  1  2  3  4 |
---------------+-------------+-----
Charms         | 4 |  4.1
Translocations | 1 2 |  2.1
Hexes          | 1 |  1.1
Fighting       | |  2.1
Polearms       | |  3.0
Armour         | |  0.6
Dodging        | |  2.6
Spellcasting   | |  2.0

Action                   |  1- 3 |  4- 6 || total
-------------------------+-------+-------++-------
Melee: Spear             |    56 |    31 ||    87
 Cast: Infusion          |     5 |     3 ||     8
       Shroud of Golubri |     2 |     1 ||     3
Armor: Leather armour    |    13 |     5 ||    18
Dodge: Dodged            |    35 |    14 ||    49
